 Dungeon Crawl Stone Soup version 0.31.0-32-g396128a36d (webtiles) character file.

Game seed: 11811325749961069359

0 H0rd4k the Charlatan (level 1, 0/13 HPs)
             Began as an Octopode Artificer on Apr 19, 2024.
             Slain by an adder (4 damage)
             ... on level 2 of the Dungeon.
             The game lasted 00:00:08 (34 turns).

H0rd4k the Charlatan (Octopode Artificer)             Turns: 34, Time: 00:00:09

Health: 0/13       AC:  1    Str: 11    XL:     1   Next: 10%
Magic:  1/1        EV: 13    Int: 13    God:
Gold:   0          SH:  0    Dex: 12    Spells: 0/0 levels left

rFire   . . .        (no weapon)
rCold   . . .        (no shield)
rNeg    . . .        (helmet restricted)
rPois   .            (no amulet)
rElec   .            (no ring)
rCorr   .            (no ring)
SInv    .            (no ring)
Will    .....        (no ring)
Stlth   +++          (no ring)
HPRegen 0.22/turn    (no ring)
MPRegen 0.07/turn    (no ring)
                     (no ring)

%: no passive effects
@: no status effects
A: almost no armour, amphibious, 8 rings, camouflage 1, gelatinous body 1,
(nimble swimmer 1), tentacles
a: no special abilities


You were on level 2 of the Dungeon.
You visited 1 branch of the dungeon, and saw 2 of its levels.

Inventory:

Wands
 b - a wand of flame (15) (quivered)
 c - a wand of charming (15)
 d - a wand of iceblast (5)


   Skills:
 + Level 1.0 Fighting
 - Level 2.3 Dodging
 - Level 1.3 Stealth
 + Level 0.1 Unarmed Combat
 - Level 3.2 Evocations


You couldn't memorise any spells.
You didn't know any spells.
Your spell library was empty.

Dungeon Overview and Level Annotations

Branches:
Dungeon (1/15)

Altars:


Innate Abilities, Weirdness & Mutations

You cannot wear most types of armour.
You are amphibious.
You can wear up to eight rings at the same time.
Your skin changes colour to match your surroundings (Stealth+).
Your rubbery body absorbs attacks. (AC +1, EV +1)
((You are camouflaged when in or above water. (Stealth+)))
You have tentacles for arms and can constrict up to eight enemies at once.


Message History

The kobold barely misses you.
There are monsters nearby!
You tentacle-slap the kobold.
The kobold is severely wounded.
You constrict the kobold.
You kill the kobold!
A ball python comes into view.
The ball python moves out of view.
There are monsters nearby!
There are monsters nearby!
You tentacle-slap the adder but do no damage.
Your grab misses the adder. The adder misses you. The adder barely misses you.
You barely miss the adder. You grab the adder. You constrict the adder.
The adder bites you.
The giant cockroach waves its antennae.
The giant cockroach bites you.
You tentacle-slap the adder.
The adder is moderately wounded.
You constrict the adder, but do no damage.
The adder barely misses you. The giant cockroach closely misses you.
You barely miss the adder.
The adder is moderately wounded.
You constrict the adder, but do no damage.
The adder misses you. The giant cockroach closely misses you.
The adder closely misses you.
You tentacle-slap the adder but do no damage.
The adder is lightly wounded.
You constrict the adder. The giant cockroach closely misses you.
The adder bites you.
You barely miss the adder.
The adder is moderately wounded.
You constrict the adder. The giant cockroach bites you. The adder bites you.
You are too injured to fight recklessly!
You are too injured to fight recklessly!
You are too injured to fight recklessly!
You closely miss the giant cockroach. You grab the giant cockroach.
You squeeze the giant cockroach.
You kill the giant cockroach!
You constrict the adder. The adder bites you.
You die...

.... ... ..
### #. ##
...# #.##
.##...#
#..##......#.
##...##.....)
###..)......
##@.#.....
#S## .?. ..#
. ...# ....#
###... #...
....


You could see an adder.

Vanquished Creatures
  A giant cockroach (D:2)
  A kobold (D:2)
2 creatures vanquished.

Notes
Turn   | Place    | Note
-------+----------+-------------------------------------------
     0 | D:1      | H0rd4k the Octopode Artificer began the quest for the Orb.
     0 | D:1      | Reached XP level 1. HP: 13/13 MP: 1/1
    19 | D:1      | You fall into a shaft and drop 1 floor!
    34 | D:2      | Slain by an adder

Illustrated notes

Levels and vault maps discovered:
D:1:      ncdulo_smallfort, layout_loops_corners
D:2:      layout_rooms, moated_statue, hangedman_feature_mirror,
          serial_bayou_ford_a, grunt_decor_resistance, minmay_tall_x

Action                     || total
---------------------------++-------
  Melee: Unarmed           ||     9
         Constrict         ||     3
         Tentacles         ||     1
 Armour: Skin              ||     6
  Dodge: Dodged            ||     9
